cohdb
Replays
Latest Replays
All Replays
Popular Replays
Top Player Replays
Match Explorer
How It Works
Community
CoH3 Stats
Reddit
Sign in to upload your games and track your stats! →
Sign in with Steam
Match 42791968
Unlisted
Match 42791968
Overview
Messages
Build Orders
End
Construct Infanterie Kompanie
Selects Terror Battlegroup
Selects Machine Gun Camouflage
MG 42 Machine Gun Team
Grenadier Squad
GrW 34 Mortar Team
Grenadier Squad
Construct Luftwaffe Kompanie
Selects Contempt for the Weak
Jäger Squad
Support Elements
Jäger Squad
Selects Jericho Trumpet
Wirbelwind Flakpanzer
Marder III M Tank Destroyer
Selects V1 Rocket Strike
Marder III M Tank Destroyer
R.U.C
zaro
Team saupiquet
~SOK-BarbaPeñaloza
POUP
Galaxygg
0
0
Comments
sign in to comment!
No comments posted yet!